 Dungeon Crawl Stone Soup version 0.27.1-4-g1640c2035a (webtiles) character file.

Game seed: 7103206436407985520

7959 raph the Geomancer (level 11, -3/60 HPs)
             Began as a Deep Elf Earth Elementalist on Nov 16, 2021.
             Was a Believer of Sif Muna.
             Shot with an arrow by a centaur warrior (16 damage)
             ... on level 9 of the Dungeon.
             The game lasted 00:27:02 (11072 turns).

raph the Geomancer (Deep Elf Earth Elementalist)   Turns: 11072, Time: 00:27:02

Health: -3/60      AC: 10    Str:  5    XL:     11   Next: 3%
Magic:  17/25      EV: 16    Int: 33    God:    Sif Muna [**....]
Gold:   529        SH:  0    Dex: 28    Spells: 2/26 levels left

rFire    + . .     SeeInvis .   a - +10 quarterstaff of Bonis {holy, Dex+6}
rCold    . . .     Faith    .   (shield currently unavailable)
rNeg     . . .     Spirit   .   y - +1 leather armour of Gluttony {+Inv}
rPois    .         Reflect  .   P - +0 helmet
rElec    .         Harm     .   M - +2 cloak
rCorr    .         Rampage  .   L - +0 pair of gloves
Will     +....                  l - +0 pair of boots
Stlth    ++++......             D - amulet of the Distant Future {RegenMP rF+ Int+4}
HPRegen  0.20/turn              I - +6 ring of dexterity
MPRegen  0.44/turn              u - +6 ring of intelligence

@: no status effects
A: no striking features
a: Renounce Religion, Evoke Invisibility, Channel Magic


You were on level 9 of the Dungeon.
You worshipped Sif Muna.
Sif Muna was pleased with you.
You visited 1 branch of the dungeon, and saw 9 of its levels.

You collected 529 gold pieces.

Inventory:

Hand Weapons
 a - the +10 quarterstaff of Bonis (weapon) {holy, Dex+6}
   (You found it on level 8 of the Dungeon)

   It has been blessed by the Shining One to cause great damage to the undead
   and demons.
   Dex:       It affects your dexterity (+6).
 p - a +3 short sword
 q - a +0 rapier
 t - a +0 dagger of venom
 K - a +2 dagger of speed
Missiles
 c - 103 stones
 B - a throwing net
Armour
 l - a +0 pair of boots (worn)
 y - the +1 leather armour of Gluttony (worn) {+Inv}
   (You found it on level 6 of the Dungeon)

   +Inv:      It lets you turn invisible.
 L - a +0 pair of gloves (worn)
 M - a +2 cloak (worn)
 P - a +0 helmet (worn)
Magical Staves
 b - a staff of earth
 F - a staff of conjuration
Jewellery
 u - a +6 ring of intelligence (right hand)
 v - a ring of protection from cold
 x - a +6 ring of strength
 D - the amulet of the Distant Future (around neck) {RegenMP rF+ Int+4}
   (You acquired it on level 7 of the Dungeon)

   [amulet of magic regeneration]

   It increases your rate of magic regeneration.
   Int:       It affects your intelligence (+4).
   rF:        It protects you from fire.
 H - a ring of ice
 I - a +6 ring of dexterity (left hand)
Wands
 g - a wand of iceblast (15)
 k - a wand of acid (4)
 n - a wand of polymorph (12)
 C - a wand of digging (7)
 E - a wand of flame (42)
Scrolls
 i - a scroll of silence
 s - a scroll of amnesia
 A - 2 scrolls of immolation
 G - a scroll of magic mapping
 J - a scroll of vulnerability
 O - a scroll of identify
Potions
 d - a potion of might
 e - 2 potions of mutation
 f - a potion of attraction
 h - a potion of invisibility {unknown}
 j - 2 potions of heal wounds
 m - 4 potions of curing
 o - a potion of flight {unknown}
 r - a potion of brilliance {unknown}
 w - 3 potions of lignification
 N - a potion of magic {unknown}


   Skills:
 - Level 3.6 Fighting
 - Level 6.1 Dodging
 - Level 6.7 Stealth
 + Level 8.4 Spellcasting
 - Level 8.5 Conjurations
 - Level 5.1 Summonings
 - Level 1.1 Transmutations
 - Level 9.9 Earth Magic
 + Level 5.8 Invocations


You had 2 spell levels left.
You knew the following spells:

 Your Spells              Type           Power      Damage    Failure   Level
a - Sandblast             Erth           100%       2d20      1%          1
b - Passwall              Tmut/Erth      41%        N/A       1%          2
c - Stone Arrow           Conj/Erth      100%       3d13      1%          3
d - Apportation           Tloc           26%        N/A       5%          1
e - Call Imp              Summ           48%        N/A       1%          2
f - Mephitic Cloud        Conj/Pois/Air  32%        N/A       5%          3
g - Petrify               Tmut/Erth      50%        N/A       6%          4
h - Call Canine Familiar  Summ           48%        N/A       1%          3
i - Lee's Rapid Deconstr  Erth           34%        3d18*     2%          5

Your spell library contained the following spells:

 Spells                   Type           Power      Damage    Failure   Level
 Magic Dart               Conj           100%       1d8       1%          1
 Summon Small Mammal      Summ           100%       N/A       1%          1
 Animate Skeleton         Necr           26%        N/A       5%          1
 Corona                   Hex            14%        N/A       5%          1
 Leda's Liquefaction      Hex/Erth       23%        N/A       8%          4
 Fulminant Prism          Conj/Hex       21%        3d13      10%         4
 Iskenderun's Mystic Bla  Conj/Tloc      42%        2d10      10%         4
 Bolt of Magma            Conj/Fire/Erth 26%        4d12      12%         5
 Ignite Poison            Fire/Tmut/Pois 16%        N/A       14%         3
 Portal Projectile        Hex/Tloc       26%        N/A       17%         3


Dungeon Overview and Level Annotations

Branches:
Dungeon (9/15)             Temple (0/1) D:7
   Lair: D:8-11         Orc: D:9-12

Altars:
Gozag
Hepliaklqana
Kikubaaqudgha
Nemelex Xobeh
Okawaru
Qazlal
Sif Muna
Yredelemnul
Zin
The Shining One

Shops:
D:6 *

Annotations:
D:8 3 runed translucent doors, Camille's ghost, novice GrFi


Message History

a - the +10 quarterstaff of Bonis (weapon)
{holy, Dex+6} Something hits you.
Your shadow imp hits something.
You thump something! Something barely misses you.
You miss something.
You hear some strange, mumbled words.
A fireball appears from out of thin air!
The fireball explodes!
The fireball engulfs you! You resist.
* * * LOW HITPOINT WARNING * * *
The fireball engulfs something!!!
Reactivating autopickup.
You feel a bit more experienced.
You hear a shout!
You hear a horrible gurgling sound!
You hear a shout!
You start resting.
Your crimson imp blinks!
A centaur warrior is nearby!
What are your orders? t - Shout!
Orders for allies: a - Attack new target. r - Retreat! s - Stop attacking. g - Guard the area. f - Follow me.
Anything else - Cancel.
Gang up on whom?
Press: ? - help, Dir - move target, f - centaur warrior
Aim: a centaur warrior, quivering arrows Attack!
The centaur warrior misses your crimson imp.
The centaur warrior kicks your crimson imp.
The centaur warrior wields a +3 longbow.
The centaur warrior shoots an arrow.
The arrow hits your crimson imp!!
Your crimson imp dies!
Your shadow imp gestures at the centaur warrior.
The centaur warrior resists with significant effort.
The centaur warrior shoots an arrow.
The arrow hits your shadow imp!!
Your shadow imp dies!
Your crimson imp hits the centaur warrior.
Casting: Call Imp (safe; 1% risk of failure)
Confirm with . or Enter, or press ? or * to list all spells.
A beastly little devil appears in a puff of flame.
The centaur warrior shoots an arrow.
The arrow hits you!
You die...

## #.......## ##....# #.#####..##
#....## #######.# ##..# #....#
#.......# #..## #....#
#######.#####.#### ##..## #....#
.................# ##..####...#
..#.....#######5# ##..###...# #
#.)#.#.# #.# #...##..## .
##.#.#.# #@# ##.....## .. #.#...+
#.# #......## #.##...#.# #)#
#...###..# #).#.#.#.# #.#
#...##....## .....#.#.#######.#
#..###.##..# #...#.#........c5#
#...# #.##.## #..#.#..####.#.#.#
##..# #.##..#
#.#.#.W.#.#.#.##.###...####.###.#
##.#.#####.......##...# #○...○#.#


You could see a centaur warrior (ally target) and 2 friendly crimson imps.

Vanquished Creatures
  2 two-headed ogres
  Pikel (D:6)
  Maurice (D:8)
  Joseph (D:7)
  Grinder (D:5)
  A meliai zombie (D:5)
  A hornet (D:7)
  2 wyverns
  3 yaks (D:6)
  3 steam dragons
  An acid dragon (D:9)
  A water moccasin (D:6)
  4 black bears
  2 orc warriors (D:9)
  4 sky beasts
  An ice beast (D:7)
  5 ogres
  4 centaurs
  3 lemures (D:6)
  A kobold brigand (D:8)
  Blork the orc (D:6)
  4 bullfrogs
  2 scorpions
  A water moccasin zombie (D:5)
  6 killer bees (D:9)
  A howler monkey (D:4)
  A jelly (D:7)
  8 hounds
  A bullfrog skeleton (D:5)
  A centaur skeleton (D:5)
  2 centaur zombies (D:9)
  4 orc priests
  2 gnoll shamans (D:7)
  3 iguanas
  7 orc wizards
  A killer bee zombie (D:5)
  4 gnolls (D:7)
  A howler monkey zombie (D:9)
  5 adders
  2 white imps (D:6)
  An ufetubus (D:4)
  4 worms
  2 dart slugs (D:2)
  17 orcs
  4 ball pythons
  4 endoplasms
  2 giant cockroaches
  4 goblins
  6 hobgoblins
  13 kobolds
  A quokka (D:3)
  5 bats
  2 frilled lizards (D:1)
  2 rats
166 creatures vanquished.

Vanquished Creatures (collateral kills)
  An ogre (D:4)
  A kobold brigand (D:9)
  3 kobolds (D:9)
5 creatures vanquished.

Vanquished Creatures (others)
  A wizard (D:9)
  A killer bee (D:9)
  6 plants (D:9)
8 creatures vanquished.

Grand Total: 179 creatures vanquished

Notes
Turn   | Place    | Note
-------+----------+-------------------------------------------
     0 | D:1      | raph the Deep Elf Earth Elementalist began the quest for
                  | the Orb.
     0 | D:1      | Reached XP level 1. HP: 10/10 MP: 6/6
   452 | D:1      | Reached XP level 2. HP: 15/15 MP: 6/8
   483 | D:1      | Reached skill level 4 in Earth Magic
  1039 | D:2      | Learned a level 2 spell: Passwall
  1346 | D:2      | Found a faded altar of an unknown god.
  1350 | D:2      | Reached XP level 3. HP: 19/19 MP: 7/9
  1354 | D:2      | Learned a level 3 spell: Stone Arrow
  1494 | D:2      | Reached skill level 1 in Conjurations
  1734 | D:3      | Learned a level 1 spell: Summon Small Mammal
  1842 | D:3      | Reached skill level 5 in Earth Magic
  1977 | D:3      | Found a sparkling altar of Nemelex Xobeh.
  2004 | D:3      | Reached XP level 4. HP: 18/24 MP: 5/10
  2476 | D:3      | Found a basalt altar of Yredelemnul.
  2478 | D:3      | Noticed a profane servitor
  2508 | D:3      | Found a glowing golden altar of the Shining One.
  2510 | D:3      | Noticed an angel
  3084 | D:4      | Reached XP level 5. HP: 28/28 MP: 7/11
  3392 | D:4      | Reached skill level 6 in Earth Magic
  3392 | D:4      | Reached XP level 6. HP: 32/32 MP: 7/12
  3502 | D:4      | Found a shimmering blue altar of Sif Muna.
  3531 | D:4      | Became a worshipper of Sif Muna the Loreminder
  3642 | D:4      | Learned a level 2 spell: Call Imp
  4262 | D:5      | Entered Level 5 of the Dungeon
  4306 | D:5      | Reached XP level 7. HP: 37/37 MP: 9/14
  4451 | D:5      | Reached skill level 7 in Earth Magic
  4480 | D:5      | Reached skill level 1 in Fighting
  4480 | D:5      | Reached skill level 5 in Conjurations
  4565 | D:5      | Noticed Grinder
  4751 | D:5      | Reached XP level 8. HP: 40/43 MP: 9/16
  4797 | D:5      | Learned a level 1 spell: Apportation
  4957 | D:5      | Reached skill level 1 in Summonings
  5332 | D:6      | Noticed Blork the orc
  5335 | D:6      | Killed Blork the orc
  5505 | D:6      | Found Gozag's Platinum Reserve.
  5507 | D:6      | Found an opulent altar of Gozag.
  5615 | D:6      | Learned a level 3 spell: Mephitic Cloud
  5672 | D:6      | Identified the +1 leather armour of Gluttony {+Inv}
  5738 | D:6      | Noticed Pikel
  5805 | D:6      | Reached skill level 8 in Earth Magic
  5928 | D:6      | Killed Pikel
  5929 | D:6      | Reached skill level 5 in Spellcasting
  6097 | D:6      | Reached XP level 9. HP: 49/49 MP: 11/18
  6180 | D:6      | Reached skill level 5 in Stealth
  6191 | D:6      | Reached * piety under Sif Muna
  6349 | D:6      | Found a stormy altar of Qazlal.
  6857 | D:7      | Reached skill level 5 in Dodging
  7020 | D:7      | Reached skill level 9 in Earth Magic
  7624 | D:7      | Learned a level 4 spell: Petrify
  7628 | D:7      | Learned a level 3 spell: Call Canine Familiar
  7866 | D:7      | Identified a scroll of acquirement
  7866 | D:7      | Acquired the amulet of the Distant Future {RegenMP rF+
                  | Int+4}
  7906 | D:7      | Noticed Joseph
  7915 | D:7      | Killed Joseph
  7916 | D:7      | Reached skill level 1 in Invocations
  7916 | D:7      | Reached XP level 10. HP: 37/56 MP: 4/21
  8166 | D:7      | Acquired a staff of earth
  8183 | D:7      | Noticed a two-headed ogre
  8201 | D:7      | Killed a two-headed ogre
  8421 | D:7      | Found a staircase to the Ecumenical Temple.
  8744 | D:8      | Noticed a two-headed ogre
  8747 | D:8      | Killed a two-headed ogre
  8748 | D:8      | Reached skill level 5 in Summonings
  8895 | D:8      | Identified the +10 quarterstaff of Bonis {holy, Dex+6}
  9033 | D:8      | Found a hazy altar of Hepliaklqana.
  9070 | D:8      | Found a runed translucent gate.
  9209 | D:5      | Killed Grinder
  9381 | D:8      | Found a runed translucent gate.
  9382 | D:8      | Found a runed translucent gate.
  9384 | D:8      | Noticed Camille's ghost (novice GrFi)
  9486 | D:8      | Reached ** piety under Sif Muna
  9516 | D:8      | Noticed Maurice
  9519 | D:8      | Killed Maurice
  9843 | D:8      | Found a glowing silver altar of Zin.
 10374 | D:9      | Reached skill level 5 in Invocations
 10775 | D:9      | Found an iron altar of Okawaru.
 10896 | D:9      | Found an ancient bone altar of Kikubaaqudgha.
 10987 | D:9      | Learned a level 5 spell: Lee's Rapid Deconstruction
 11010 | D:9      | Noticed a centaur warrior
 11010 | D:9      | Noticed a wizard
 11045 | D:9      | Reached XP level 11. HP: 32/60 MP: 13/25
 11062 | D:9      | Killed a wizard
 11072 | D:9      | Shot with an arrow by a centaur warrior

Illustrated notes

Levels and vault maps discovered:
D:1:      lemuel_arrival_tunnels, layout_basic
D:2:      layout_loops_corners, hellmonk_ecumenical_altar_slurped_away
D:3:      layout_loops_cross, grunt_temple_overflow_holy_war,
          nemelex_diamond_rough_becter, serial_rivers,
          chequers_serial_rivers_micro_d, chequers_serial_rivers_micro_b,
          chequers_serial_rivers_micro_e, chequers_serial_rivers_large_b,
          chequers_serial_rivers_marsh, chequers_serial_rivers_micro_c
D:4:      layout_rooms, nicolae_sif_muna_condensation
D:5:      layout_basic, minmay_misc_feat_plants, uniq_grinder
D:6:      layout_loops_ring, nicolae_gozag_zags_fifth_avenue,
          nicolae_qazlal_general_emergency, kennysheep_small_circle,
          uniq_blork_the_orc, uniq_pikel
D:7:      layout_cave_pods, minmay_temple_entry_mist, grunt_ministairs_13,
          st_stairs_6, hangedman_misty_isle, uniq_joseph
D:8:      layout_loops_cross, worldfamousw_hep_ancestral_shrine, zin_statuary,
          gammafunk_ghost_necromancy, uniq_maurice
D:9:      layout_cave_pods, amcnicky_altar_gilded, minitemple,
          nicolae_kikubaaqudgha_miasma_corner, minivault_19,
          minmay_shattered_shrine

Skill      XL: |  1  2  3  4  5  6  7  8  9 10 |
---------------+-------------------------------+-----
Earth Magic    | 4 5 6 7 8 9 |  9.9
Conjurations   | 1 2 3 4 5 6 7 8 |  8.5
Dodging        | 3 4 5 6 |  6.1
Stealth        | 3 4 6 |  6.7
Fighting       | 1 2 3 |  3.6
Spellcasting   | 4 5 6 8 |  8.4
Summonings     | 2 4 5 |  5.1
Invocations    | 1 5 |  5.8
Transmutations | |  1.1

Action                   |  1- 3 |  4- 6 |  7- 9 | 10-12 || total
-------------------------+-------+-------+-------+-------++-------
Melee: Short sword       |    29 |       |     1 |       ||    30
       Staff             |       |       |       |     3 ||     3
       Quarterstaff      |       |       |       |     3 ||     3
 Cast: Sandblast         |    24 |    16 |    66 |    49 ||   155
       Stone Arrow       |     1 |    22 |    38 |    49 ||   110
       Call Imp          |       |     1 |    20 |    15 ||    36
       Apportation       |       |       |     1 |       ||     1
       Mephitic Cloud    |       |       |       |     7 ||     7
       Passwall          |       |       |       |     1 ||     1
       Call Canine Famil |       |       |       |     1 ||     1
  Use: Scroll            |       |     4 |    10 |     6 ||    20
       Potion            |       |       |     2 |       ||     2
 Stab: Sleeping          |     3 |       |     1 |       ||     4
Armor: Robe              |     7 |       |     1 |       ||     8
       Leather armour    |       |       |    11 |    17 ||    28
Dodge: Dodged            |    23 |     2 |    28 |    34 ||    87
